[Event "*** Titled Tuesday Blitz"]
[Site "Chess.com"]
[Date "2019.07.02"]
[Round "10"]
[White "Colombiano07"]
[Black "novocane"]
[Result "1-0"]
[WhiteElo "2190"]
[BlackElo "2252"]
[TimeControl "180+2"]
[EndTime "15:13:56 PDT"]
[Termination "Colombiano07 won by resignation"]

1. e4 c5 2. b3 b6 3. c4 Bb7 4. Bd3 Nf6 5. Nc3 e6 6. Qe2 d6 7. Nf3 a6 8. O-O Nbd7 9. Re1 Be7 10. Bb2 O-O 11. Bc2 Qc7 12. d4 cxd4 13. Nxd4 Rac8 14. Rac1 Qb8 15. Bb1 Bd8 16. f3 Bc7 17. Red1 d5 18. exd5 Bxh2+ 19. Kh1 Nh5 20. Ne4 f5 21. g4 fxe4 22.
Qxh2 Ng3+ 23. Kg2 exf3+ 24. Nxf3 Nf6 25. Qxg3 exd5 26. Qxb8 Rxb8 27. g5 Ne4 28. cxd5 Nc5 29. Ba3 Rfd8 30. Bxc5 bxc5 31. Be4 Re8 32. Bf5 Rbd8 33.
Be6+ Kh8 34. Kg3 g6 35. Nh2 Kg7 36. Ng4 Re7 37. Rh1 h5 38. gxh6+ Kh7 39. Nf6+ Kh8 40.
h7 Rf8 41. Nd7 Rd8 42. Ne5 Bxd5 43. Nxg6+ Kg7 44. Nxe7 Bxh1 45. Rxh1 Rh8 46. Bg8 1-0

[Event "*** Titled Tuesday Blitz"]
[Site "Chess.com"]
[Date "2019.07.02"]
[Round "10"]
[White "Karina_Ivanova"]
[Black "King_of_the_wing"]
[Result "1-0"]
[WhiteElo "2189"]
[BlackElo "2138"]
[TimeControl "180+2"]
[EndTime "15:13:57 PDT"]
[Termination "Karina_Ivanova won by resignation"]

1. Nf3 Nf6 2. g3 c5 3. Bg2 g6 4. O-O Bg7 5. c4 O-O 6. d4 cxd4 7. Nxd4 Nc6 8. Nc3 a6 9. b3 Nxd4 10. Qxd4 Nd5 11. Qxd5 Bxc3 12. Bh6 Bg7 13. Bxg7 Kxg7 14. Rad1 Qc7 15. c5 Rb8 16. e4 b6 17. cxb6 Rxb6 18.
Rc1 Qb8 19. e5 Rb5 20. Rc5 Rxc5 21. Qxc5 Re8 22. Rc1 Bb7 23. Qc7 Bxg2 24. Kxg2 Qa8+ 25. Kg1 Qd5 26. Rc5 Qd1+ 27. Kg2 d6 28. Qd7 Qd4 29.
Qxe8 Qxc5 30. Qxe7 Qxe5 31. Qxe5+ dxe5 32. Kf3 f5 33. Ke3 Kf6 34. b4 Ke6 35. Kd3 Kd5 36. f3 g5 37. g4 f4 38. h3 h6 39. a3 e4+ 40. fxe4+ Ke5 41. a4 f3 42. Ke3 f2 43.
Kxf2 Kxe4 44. b5 axb5 45. axb5 Kd5 46. Ke3 Kc5 47. Ke4 Kxb5 48. Kf5 1-0

[Event "*** Titled Tuesday Blitz"]
[Site "Chess.com"]
[Date "2019.07.02"]
[Round "10"]
[White "resha1988"]
[Black "Heineccius"]
[Result "1-0"]
[WhiteElo "2732"]
[BlackElo "2542"]
[TimeControl "180+2"]
[EndTime "15:14:08 PDT"]
[Termination "resha1988 won on time"]

1. d4 Nf6 2. c4 e6 3. Nc3 Bb4 4. Bg5 c5 5. d5 d6 6. Qc2 Qe7 7. O-O-O Bxc3 8. Qxc3 Ne4 9. Bxe7 Nxc3 10. bxc3 Kxe7 11.
g3 Nd7 12. e4 Nb6 13. Bd3 f6 14. f3 Bd7 15. Ne2 g5 16. h4 Rag8 17. Kd2 Rg7 18. Rb1 e5 19. hxg5 fxg5 20. Rh6 Rf8 21.
Ke3 Rf6 22. Rbh1 Be8 23. Rxh7 Rff7 24. Rxg7 Rxg7 25. Rh8 Na4 26. Bc2 Nb2 27. Bb3 a5 28. a3 a4 29. Ba2 Nd1+ 30. Kd2 Nf2 31. Rh2 1-0

[Event "*** Titled Tuesday Blitz"]
[Site "Chess.com"]
[Date "2019.07.02"]
[Round "10"]
[White "warmoatmeal"]
[Black "KarstenHansch"]
[Result "0-1"]
[WhiteElo "1824"]
[BlackElo "2399"]
[TimeControl "180+2"]
[EndTime "15:14:12 PDT"]
[Termination "KarstenHansch won by resignation"]

1. Nf3 d5 2. d4 c6 3. Bf4 Bg4 4. e3 e6 5. h3 Bxf3 6. Qxf3 Bd6 7. Nd2 Nf6 8. Bd3 Bxf4 9. exf4 Qb6 10. Nb3 Nbd7 11. c3 c5 12. dxc5 Nxc5 13. Nxc5 Qxc5 14. Qe3 Qxe3+ 15. fxe3 O-O 16. Kf2 a6 17. a4 Rac8 18.
Rac1 Rc5 19. Rhd1 Rfc8 20. c4 g6 21. b4 R5c7 22. c5 a5 23. bxa5 Rxc5 24. Rxc5 Rxc5 25. a6 bxa6 26. Bxa6 Ne4+ 27. Kg1 Ra5 28. Bb5 Nc3 29. Rc1 Nxb5 30. axb5 Rxb5 31. Rc3 Kg7 32. Kf2 Kf6 33. Kf3 h5 34. g4 Rb1 35. g5+ Ke7 36. Rc7+ Ke8 37.
Ra7 Rb3 38. Ra8+ Ke7 39. Ra7+ Kf8 40. Ra8+ Kg7 41. Rd8 Ra3 42. Rd7 Kf8 43. Kf2 Ke8 44. Rb7 d4 45. Rb8+ Ke7 46. Rb7+ Kf8 47. Rb8+ Ke7 48.
Rb7+ Ke8 49. Rb8+ Kd7 50. exd4 Rxh3 51. Rb7+ Ke8 52. Rb8+ Ke7 53. Rb7+ Kf8 54. Rb8+ Kg7 55. d5 exd5 56. Rd8 Rd3 57. Ke2 Rd4 58. Ke3 Rd1 59. Ke2 Rg1 60. Rxd5 h4 61. Kf2 Rg4 62. Kf3 Rg3+ 63.
Kf2 Ra3 64. Rd4 Kf8 65. Kg2 Ke7 66. Kh2 Ke6 67. Rb4 Kf5 68. Kg2 Kg4 69. Kh2 Ra2+ 70. Kg1 Kg3 71. Rb3+ Kxf4 72. Rb4+ Kxg5 0-1

[Event "*** Titled Tuesday Blitz"]
[Site "Chess.com"]
[Date "2019.07.02"]
[Round "10"]
[White "ChessWarrior7197"]
[Black "TST2014"]
[Result "1-0"]
[WhiteElo "2826"]
[BlackElo "2590"]
[TimeControl "180+2"]
[EndTime "15:14:13 PDT"]
[Termination "ChessWarrior7197 won by resignation"]

1. e4 c5 2. Nf3 Nc6 3. Bb5 g6 4. Bxc6 dxc6 5. d3 Bg7 6. Nc3 Bg4 7. Be3 b6 8. h3 Bxf3 9. Qxf3 Nf6 10. O-O O-O 11.
Qg3 Nd7 12. f4 Bd4 13. f5 Qb8 14. Qf2 Qe5 15. Ne2 Bxe3 16. Qxe3 Qxb2 17. c3 Nf6 18. a4 Rad8 19. fxg6 hxg6 20. Rac1 Kg7 21. Ng3 Nh7 22. h4 Rd6 23. h5 Rf6 24. Rxf6 exf6 25. Ne2 Ng5 26. Rf1 Re8 27. h6+ Kxh6 28. Rxf6 Qb1+ 29.
Rf1 Qa2 30. Kf2 f6 31. Kg3 Qe6 32. Kf2 c4 33. Nd4 Qe5 34. Nf3 Qxc3 35. Nxg5 fxg5 36. Qh3+ Kg7 37. Qd7+ Kf6 38. Kg1+ Ke5 39. Qg7+ 1-0

[Event "*** Titled Tuesday Blitz"]
[Site "Chess.com"]
[Date "2019.07.02"]
[Round "10"]
[White "IMRosen"]
[Black "StephenDedalus83"]
[Result "0-1"]
[WhiteElo "2608"]
[BlackElo "2800"]
[TimeControl "180+2"]
[EndTime "15:14:13 PDT"]
[Termination "StephenDedalus83 won by resignation"]

1. d4 Nf6 2. Bf4 d6 3. Nc3 Nbd7 4. Nf3 Nh5 5. Bg5 h6 6. Bd2 e5 7. e4 Nhf6 8. h3 Be7 9. a4 O-O 10. Bc4 exd4 11. Nxd4 Nc5 12. Qf3 Ne6 13. Nf5 Ng5 14. Bxg5 hxg5 15. O-O-O g6 16. h4 gxf5 17. hxg5 Ng4 18.
g6 Kg7 19. Rh7+ Kxg6 20. Rdh1 Bg5+ 21. Kb1 Nh6 22. Rxf7 Rxf7 23. Qh5+ Kg7 24. Bxf7 Nxf7 25. Qh7+ Kf8 26. f4 Bxf4 27. Nd5 Be5 28. Qg6 Qg5 29. Qh7 Qg7 30. Qh5 fxe4 31. Rf1 Bg4 32. Qh1 c6 33.
Ne3 Be6 34. g4 d5 35. Qh5 Bxb2 36. Nd1 Be5 37. g5 Ke7 38. g6 Nd6 39. Qh4+ Kd7 40.
Qg5 Rg8 41. Rg1 Qf6 42. Qe3 Bd4 43. Qb3 Kc7 44. Rf1 Qxf1 45. Ka2 Qxd1 46. c3 Qxb3+ 47.
Kxb3 Be5 48. a5 Rxg6 49. a6 0-1

[Event "*** Titled Tuesday Blitz"]
[Site "Chess.com"]
[Date "2019.07.02"]
[Round "10"]
[White "LucaBrasi1968"]
[Black "BlueWizzard"]
[Result "0-1"]
[WhiteElo "2476"]
[BlackElo "2707"]
[TimeControl "180+2"]
[EndTime "15:14:15 PDT"]
[Termination "BlueWizzard won by resignation"]

1. d4 Nf6 2. Nf3 d6 3. Bg5 Ne4 4. Bf4 g6 5. e3 Bg7 6. Bd3 d5 7. O-O O-O 8. c4 Nf6 9. cxd5 Nxd5 10. Bg3 c5 11. Bc4 Nb6 12. Bb3 Bg4 13. h3 Bxf3 14.
Qxf3 cxd4 15. Qxb7 N8d7 16. exd4 Bxd4 17. Nc3 Nc5 18. Qf3 Nxb3 19. axb3 Qc8 20. Rfd1 Bg7 21. Rac1 Qe6 22. Ne4 Rac8 23. Nc5 Qf5 24. Qxf5 gxf5 25. Nd3 Rfd8 26. Rxc8 Rxc8 27. Rd2 Nd5 28. Be5 Bh6 29.
Re2 a6 30. Bd4 Nf4 31. Nxf4 Bxf4 32. g3 Rc1+ 33. Kg2 Bd6 34. Bc3 Rd1 35. b4 f6 36. Kf3 Kf7 37. h4 e5 38. Kg2 Ke6 39.
Kf3 Kd5 40. Kg2 Kc4 41. g4 Bxb4 42. Bxb4 Kxb4 43. gxf5 Rd4 44. Kg3 Kb3 45. h5 a5 46.
h6 a4 47. f3 Rc4 48. Rh2 Rc2 49. Rh4 Rxb2 50. Rg4 a3 51. Rg7 a2 52. Ra7 Rb1 53. Rb7+ Kc3 0-1

[Event "*** Titled Tuesday Blitz"]
[Site "Chess.com"]
[Date "2019.07.02"]
[Round "10"]
[White "Siniauski"]
[Black "sandager"]
[Result "1-0"]
[WhiteElo "2400"]
[BlackElo "2113"]
[TimeControl "180+2"]
[EndTime "15:14:18 PDT"]
[Termination "Siniauski won by resignation"]

1. e4 e5 2. Nf3 Nc6 3. Bb5 a6 4.
Ba4 Nf6 5. O-O Be7 6. Re1 b5 7. Bb3 O-O 8. h3 d6 9. c3 Na5 10. Bc2 c5 11. d4 Qc7 12. Nbd2 Re8 13. b3 Bf8 14. Bb2 h6 15. Nf1 Bb7 16. Ng3 g6 17.
Rc1 Nc6 18. Bb1 Rad8 19. Qd2 Qb8 20. Nh2 cxd4 21. cxd4 exd4 22. Bxd4 Nxd4 23. Qxd4 Bg7 24. Qb6 Nd7 25. Qe3 d5 26. Ng4 Kh7 27. Qf3 dxe4 28.
Qxf7 Rf8 29. Qe7 Nf6 30. Nxf6+ Rxf6 31. Bxe4 Bxe4 32. Nxe4 Rf4 33. Rc7 Rg8 34. g3 Rff8 35. Rec1 Kh8 36. Rb7 Qd8 37. Qxd8 Rxd8 38. Rcc7 Rdf8 39.
Ra7 h5 40. Ng5 Rd8 41. Ne6 Rd1+ 42. Kg2 1-0

[Event "*** Titled Tuesday Blitz"]
[Site "Chess.com"]
[Date "2019.07.02"]
[Round "10"]
[White "SalgadoChess91"]
[Black "2nd_life"]
[Result "1-0"]
[WhiteElo "2837"]
[BlackElo "2537"]
[TimeControl "180+2"]
[EndTime "15:14:21 PDT"]
[Termination "SalgadoChess91 won on time"]

1. d4 Nf6 2. c4 e6 3. Nf3 c5 4. d5 exd5 5. cxd5 d6 6. Nc3 a6 7. a4 g6 8. e4 Bg7 9. Be2 Bg4 10. O-O O-O 11. Bf4 Bxf3 12. Bxf3 Ne8 13. Be2 Nd7 14. Bg3 Rb8 15. Kh1 b5 16. axb5 axb5 17.
Nxb5 Bxb2 18. Nxd6 Bxa1 19. Qxa1 Ra8 20. Qc3 Nxd6 21.
Bxd6 Re8 22. e5 Qa5 23. Qxa5 Rxa5 24. f4 c4 25. Bxc4 Nb6 26. Bc7 Nxc4 27. Bxa5 Nxa5 28. d6 Rd8 29. Rc1 Nb3 30. Rc7 Nd4 31. g3 h5 32.
Kg2 Ne6 33. Rb7 Ra8 34. Kf3 Ra4 35. Rb8+ Kg7 36. Re8 Rd4 37. Ke3 Rd1 38. h3 Nc5 39.
g4 hxg4 40. hxg4 Rd3+ 41. Ke2 Rd5 42. Rc8 g5 43. Kf3 1-0

[Event "*** Titled Tuesday Blitz"]
[Site "Chess.com"]
[Date "2019.07.02"]
[Round "10"]
[White "narutosmith"]
[Black "MateSchmate"]
[Result "0-1"]
[WhiteElo "2208"]
[BlackElo "2382"]
[TimeControl "180+2"]
[EndTime "15:14:24 PDT"]
[Termination "MateSchmate won on time"]

1. d4 Nf6 2. c4 e6 3. Nc3 Bb4 4.
f3 d5 5. a3 Be7 6. e4 dxe4 7. fxe4 e5 8. d5 Bc5 9. Nf3 Bg4 10. Bd3 Nbd7 11. h3 Bxf3 12. Qxf3 c6 13. Ne2 a5 14. Ng3 g6 15. Bg5 h6 16. Bd2 Be7 17.
Ke2 Nc5 18. Bc2 a4 19. Bc3 Qd6 20. Rhf1 h5 21. Rad1 cxd5 22. exd5 h4 23. Ne4 Nfxe4 24. Bxe4 f5 25. Bc2 O-O-O 26. Qe3 b6 27. Bxe5 Qd7 28. Bxh8 Rxh8 29. Kd2 Bf6 30. Kc1 Re8 31. Qd2 Qe7 32. Rfe1 Bg5 33. Rxe7 Bxd2+ 34. Kxd2 Rxe7 35. Re1 Rxe1 36. Kxe1 Kd7 37. Kf2 Kd6 38. Ke3 Ke5 39. Bd1 g5 40.
Bc2 Nd7 0-1

[Event "*** Titled Tuesday Blitz"]
[Site "Chess.com"]
[Date "2019.07.02"]
[Round "10"]
[White "Airquake"]
[Black "marianokar"]
[Result "1-0"]
[WhiteElo "2668"]
[BlackElo "2461"]
[TimeControl "180+2"]
[EndTime "15:14:26 PDT"]
[Termination "Airquake won on time"]

1. g3 Nf6 2. Bg2 d5 3. Nf3 e6 4.
O-O Be7 5. d4 O-O 6. Nbd2 b5 7.
b3 Bb7 8. Bb2 c5 9. c4 dxc4 10.
bxc4 b4 11. dxc5 Nbd7 12. a3 bxa3 13. Bxa3 Nxc5 14. Qc2 Qc7 15. Nd4 Bxg2 16. Kxg2 a6 17. N2f3 Rfd8 18. Rab1 Rac8 19. Rfd1 Bf8 20. Kg1 g6 21. h4 e5 22. Nb3 Nxb3 23. Bxf8 Rxd1+ 24. Qxd1 Kxf8 25. Rxb3 e4 26. Nd2 Qe5 27. Qc1 Rc7 28.
Qa3+ Kg7 29. Qxa6 Nd7 30. Re3 Nc5 31. Qb6 f5 32. Nf3 Qa1+ 33. Kh2 Qa7 34. Qb2+ Kg8 35.
Ng5 Qa6 36. Ra3 Qxc4 37. Ra8+ 1-0

[Event "*** Titled Tuesday Blitz"]
[Site "Chess.com"]
[Date "2019.07.02"]
[Round "10"]
[White "Gubajdullin"]
[Black "dopolian"]
[Result "1-0"]
[WhiteElo "2594"]
[BlackElo "2350"]
[TimeControl "180+2"]
[EndTime "15:14:30 PDT"]
[Termination "Gubajdullin won by resignation"]

1. d4 Nf6 2. Bf4 d6 3. e3 g6 4. Nf3 Bg7 5. Be2 O-O 6. O-O Nfd7 7. h3 Nc6 8. c4 e5 9. Bg5 Qe8 10. Nc3 h6 11. Bh4 g5 12. Bg3 Nf6 13. Nd5 Nxd5 14. cxd5 Ne7 15. dxe5 Nf5 16. Bh2 dxe5 17. Qc2 Qe7 18. Rac1 Bd7 19. Qxc7 e4 20. Nd2 Bxb2 21. Rb1 Rfc8 22. Qxb7 Bg7 23. Bg4 Qe8 24. Nxe4 Qxe4 25. Qxd7 Nh4 26. Bf3 Nxf3+ 27. gxf3 Qxf3 28. d6 f5 29. Qe6+ Kh8 30. d7 Rf8 31. Rb8 Raxb8 32. Bxb8 Qxh3 33. Qe8 Kh7 34. Qxf8 Qg4+ 35. Bg3 Bxf8 36. d8=Q f4 37. Qxf8 fxg3 38. Qe7+ Kg6 39. Qd6+ Kh5 40.
Qxg3 Qe2 41. Kg2 Qxa2 42. Rh1+ Kg6 43. Qd6+ Kf5 44. Rxh6 Qf7 45. Qc5+ Kg4 46. Qd4+ Kf5 47. e4+ Kg4 48. e5+ Kf5 49. Rf6+ 1-0

[Event "*** Titled Tuesday Blitz"]
[Site "Chess.com"]
[Date "2019.07.02"]
[Round "10"]
[White "Orest_Vovk"]
[Black "1d4_1-0"]
[Result "1-0"]
[WhiteElo "2335"]
[BlackElo "2220"]
[TimeControl "180+2"]
[EndTime "15:14:31 PDT"]
[Termination "Orest_Vovk won by resignation"]

1. h4 e5 2. h5 d5 3. h6 Nxh6 4. d4 Nc6 5. dxe5 Nxe5 6. Bxh6 gxh6 7. Nf3 Nxf3+ 8. gxf3 Bg7 9. c3 c6 10. Bh3 Bxh3 11.
Rxh3 Qd7 12. Rh5 O-O-O 13. Qa4 Kb8 14. Qg4 Rhg8 15. Qxd7 Rxd7 16. Nd2 d4 17. cxd4 Bxd4 18. O-O-O Bxf2 19. Ne4 Be3+ 20. Kc2 Rxd1 21. Kxd1 Rd8+ 22. Kc2 Rd5 23. Rxd5 cxd5 24. Nf6 d4 25. Kd3 Kc7 26. Nxh7 h5 27. Nf6 h4 28. Nd5+ Kd6 29. Nxe3 dxe3 30.
Kxe3 Ke5 31. f4+ Kf5 32. Kf3 Kg6 33. Kg4 h3 34. Kxh3 Kf5 35. Kg3 Ke4 36. Kg4 b6 37.
Kg5 b5 38. f5 Ke5 39. b4 a6 40.
a3 f6+ 41. Kg6 1-0

[Event "*** Titled Tuesday Blitz"]
[Site "Chess.com"]
[Date "2019.07.02"]
[Round "10"]
[White "ruzomberok"]
[Black "shnitez"]
[Result "0-1"]
[WhiteElo "2423"]
[BlackElo "2584"]
[TimeControl "180+2"]
[EndTime "15:14:38 PDT"]
[Termination "shnitez won by checkmate"]

1. Nf3 Nf6 2. c4 b6 3. g3 Bb7 4. Bg2 e6 5. O-O Be7 6. b3 O-O 7. Bb2 d5 8. cxd5 Nxd5 9. Nc3 c5 10. Nxd5 Bxd5 11. d4 Bf6 12. Qd2 cxd4 13. Bxd4 Nc6 14.
Bxf6 Qxf6 15. Rac1 Rac8 16. Rfe1 Rfd8 17. Qg5 Bxf3 18.
Qxf6 gxf6 19. Bxf3 Nd4 20. Red1 Nxf3+ 21. exf3 Rxd1+ 22. Rxd1 Rc2 23. a4 Rc3 24. Rd7 a5 25. b4 axb4 26. Rd4 Rxf3 27. Rxb4 Ra3 28. Kg2 Kg7 29. g4 Kg6 30. h4 f5 31. gxf5+ Kxf5 32. Rxb6 Rxa4 33. Kg3 Rg4+ 34. Kh3 Rf4 35. Kg3 Rg4+ 36.
Kh3 Rg7 37. Rb4 e5 38. Ra4 e4 39. Ra5+ Kf4 40. Rh5 f5 41. Kh2 Kg4 42. Rh6 Kf3 43. Kh3 Kxf2 44. Rf6 Rg3+ 45. Kh2 Rf3 46. h5 e3 47. h6 e2 48. Re6 e1=Q 49. Re2+ Kxe2 50. Kg2 Qf1+ 51. Kh2 Rh3# 0-1

[Event "*** Titled Tuesday Blitz"]
[Site "Chess.com"]
[Date "2019.07.02"]
[Round "10"]
[White "vovachesss"]
[Black "Zubrrr"]
[Result "0-1"]
[WhiteElo "2665"]
[BlackElo "2734"]
[TimeControl "180+2"]
[EndTime "15:14:42 PDT"]
[Termination "Zubrrr won by resignation"]

1. e4 c5 2. d4 cxd4 3. c3 Nf6 4. e5 Nd5 5. Nf3 Nc6 6. Bc4 Nb6 7. Bb3 d6 8. exd6 Qxd6 9. O-O Bf5 10. Nxd4 Nxd4 11. cxd4 e6 12. Qf3 Qd7 13. d5 Nxd5 14. Nc3 Nxc3 15.
bxc3 Be7 16. Rd1 Qb5 17. Qg3 O-O 18. c4 Qc6 19. Bb2 f6 20. c5 Bxc5 21. Rac1 b6 22. Qf4 Kh8 23. Ba3 Rad8 24. Bxc5 bxc5 25. Qe3 Rxd1+ 26.
Bxd1 Rc8 27. Bf3 Qb6 28. g4 Bg6 29. h4 c4 30. Qf4 c3 31. h5 e5 32. Qa4 Bf7 33.
h6 gxh6 34. Qd7 Qc7 35. Qf5 Kg7 36. Kg2 Bg6 37. Qe6 c2 38. Qa6 Rb8 39. Bd5 Rb1 40.
Qe6 Qf7 41. Rxc2 Qxe6 42. Rc8 Qxc8 0-1

[Event "*** Titled Tuesday Blitz"]
[Site "Chess.com"]
[Date "2019.07.02"]
[Round "10"]
[White "Kirill_Klukin"]
[Black "witcher8"]
[Result "1-0"]
[WhiteElo "2649"]
[BlackElo "2434"]
[TimeControl "180+2"]
[EndTime "15:14:48 PDT"]
[Termination "Kirill_Klukin won on time"]

1. Nf3 Nf6 2. d4 g6 3. c4 Bg7 4.
Nc3 O-O 5. e4 d6 6. Be2 e5 7. O-O Nc6 8. d5 Ne7 9. Ne1 Nd7 10. f3 f5 11. g4 Kh8 12. Be3 Ng8 13. Nd3 Bh6 14. Bf2 fxg4 15. fxg4 b6 16. b4 a5 17. a3 axb4 18. axb4 Rxa1 19. Qxa1 Ndf6 20. Qd1 Qd7 21. h3 g5 22. Be3 Ne7 23. Qc1 Ng6 24. Bxg5 Bxg5 25. Qxg5 Kg7 26. Nd1 h6 27.
Qe3 Nh7 28. Rxf8 Nhxf8 29. Qf2 Nh7 30. Ne3 Ng5 31. Nf5+ Qxf5 32. Qxf5 Bxf5 33. exf5 Nxh3+ 34. Kh2 Ngf4 35. Nc1 Ng5 36. Kg3 Ne4+ 37. Kf3 Nd2+ 38. Ke3 Nxe2 39. Kxe2 Nxc4 40. Kd3 Na3 41. Ne2 Kf6 42.
Nc3 b5 43. Ne4+ Kf7 44. Nd2 Kf6 45. Ne4+ Kf7 46. Nc3 Kf6 47. Ke4 Nc4 48. Nxb5 Nd2+ 49. Kd3 Nf1 50. Nxc7 Nh2 51. b5 Ke7 52. b6 Kd7 53. Ne6 Kc8 54. f6 Nxg4 55. f7 e4+ 56. Kd4 1-0

[Event "*** Titled Tuesday Blitz"]
[Site "Chess.com"]
[Date "2019.07.02"]
[Round "10"]
[White "riconaipe"]
[Black "INLOVEWITHF"]
[Result "1-0"]
[WhiteElo "2500"]
[BlackElo "2396"]
[TimeControl "180+2"]
[EndTime "15:14:52 PDT"]
[Termination "riconaipe won on time"]

1. d4 Nf6 2. c4 d6 3. Nc3 Nbd7 4. Nf3 g6 5. g3 Bg7 6. Bg2 O-O 7. O-O e5 8. Qc2 exd4 9. Nxd4 a6 10. Rd1 Rb8 11.
b3 Nc5 12. Bb2 Bd7 13. Nd5 Nxd5 14. cxd5 a5 15. e4 Re8 16. h4 Qe7 17. Re1 Na6 18. a3 c5 19. dxc6 bxc6 20. Nxc6 Bxc6 21. Bxg7 Kxg7 22. Qxc6 Nc5 23. Rab1 Qe5 24. b4 axb4 25. axb4 Rec8 26. Qd5 Qxd5 27. exd5 Nd3 28. Re7 Rxb4 29. Rxb4 Nxb4 30. Rd7 Kf6 31. Rxd6+ Ke5 32. Rd7 Rc1+ 33. Kh2 Nd3 34. Rxf7 Rc2 35. f4+ Kd6 36. Rf6+ Ke7 37. Rc6 Rd2 38. h5 gxh5 39. Kh3 Nf2+ 40. Kh4 Ng4 41. Bf3 Nf6 42. Rc7+ Kd6 43. Rf7 1-0

[Event "*** Titled Tuesday Blitz"]
[Site "Chess.com"]
[Date "2019.07.02"]
[Round "10"]
[White "Genghis_K"]
[Black "Sanan_Sjugirov"]
[Result "1-0"]
[WhiteElo "2876"]
[BlackElo "2957"]
[TimeControl "180+2"]
[EndTime "15:14:53 PDT"]
[Termination "Genghis_K won by resignation"]

1. d4 Nf6 2. Nf3 e6 3. Bf4 c5 4. e3 cxd4 5. exd4 b6 6. Nbd2 Bb7 7. Bd3 Be7 8. h3 d6 9. O-O Nbd7 10. a4 a6 11. Re1 O-O 12. c4 Re8 13. a5 d5 14. axb6 dxc4 15. Bc7 Qc8 16. Nxc4 Nd5 17.
Nfe5 N7f6 18. Rc1 Nxc7 19. bxc7 Qxc7 20. Nxf7 Qc6 21. Bf1 Bb4 22. Nfe5 Qc7 23. Re3 Rac8 24. b3 Red8 25. Nf3 Bxf3 26. Rxf3 e5 27. Rf5 Rxd4 28. Qf3 e4 29. Qe3 Qd8 30. Ra1 Rd1 31. Rxd1 Qxd1 32. Rxf6 gxf6 33. Qxe4 Rd8 34. Ne3 Qd4 35. Qf5 Bc5 36.
Ng4 Kg7 37. Bd3 h5 38. Qg6+ Kf8 39. Bc4 Qd1+ 40. Kh2 Bd6+ 41. g3 Bxg3+ 42. Kg2 Ke7 43. Ne3 Qe1 44. Qxg3 f5 45. Qe5+ Kd7 46. Qe6+ Kc7 47.
Nd5+ Rxd5 48. Qxe1 1-0

[Event "*** Titled Tuesday Blitz"]
[Site "Chess.com"]
[Date "2019.07.02"]
[Round "10"]
[White "Micki-taryan"]
[Black "johnathan113"]
[Result "1-0"]
[WhiteElo "2958"]
[BlackElo "2721"]
[TimeControl "180+2"]
[EndTime "15:15:00 PDT"]
[Termination "Micki-taryan won on time"]

1. d4 Nf6 2. Nf3 g6 3. b3 Bg7 4. Bb2 O-O 5. e3 d6 6. c4 c5 7. dxc5 dxc5 8. Nbd2 Nc6 9. Be2 Bf5 10. a3 Qc7 11.
O-O Rad8 12. Qc1 Rd7 13. Bc3 Rfd8 14. b4 Bd3 15. Bxd3 Rxd3 16. b5 Rxc3 17. Qxc3 Ne4 18. Qc2 Nxd2 19. Nxd2 Bxa1 20. bxc6 Bg7 21. cxb7 Qxb7 22.
Ne4 Qa6 23. Qb3 Qb6 24. Qc2 Qa6 25. Qb3 Qc6 26. Qc2 h6 27. h4 Qa6 28. a4 Qc6 29.
Rb1 Be5 30. Nd2 Qd6 31. Nf3 Bf6 32. g3 Kg7 33. Kg2 Qd3 34. Qxd3 Rxd3 35. Rb5 Ra3 36. Ra5 Bc3 37. Rxa7 e5 38. e4 Kf6 39. g4 Ra2 40.
Ra6+ Ke7 41. h5 gxh5 42. gxh5 f6 43. Nh4 Be1 44. Nf5+ Kd7 45. Rxf6 Rxf2+ 46. Kg1 Rf4 47. Rxh6 Rxe4 48. Rd6+ Kc7 49. Rg6 Rf4 50. Ne7 Kd7 51.
Nd5 Rxc4 52. Nb6+ 1-0

[Event "*** Titled Tuesday Blitz"]
[Site "Chess.com"]
[Date "2019.07.02"]
[Round "10"]
[White "AndrewMcStone"]
[Black "pandamaster3000"]
[Result "0-1"]
[WhiteElo "2151"]
[BlackElo "2292"]
[TimeControl "180+2"]
[EndTime "15:15:00 PDT"]
[Termination "pandamaster3000 won by resignation"]

1. d4 Nf6 2. c4 g6 3. Nc3 Bg7 4. e4 d6 5. Nge2 O-O 6. Ng3 e5 7. d5 a5 8. Be2 Na6 9. h4 h5 10. Bg5 Qe8 11. Qd2 Nc5 12. f3 Kh7 13. O-O-O Ng8 14. Be3 Bh6 15. Rdf1 Bd7 16. Kb1 Bxe3 17.
Qxe3 Nh6 18. Re1 f5 19. exf5 Nxf5 20. Nxf5 Bxf5+ 21. Ne4 Qd7 22. Bd3 Bxe4 23. Bxe4 Nxe4 24. Qxe4 Rf4 25. Qc2 Qf5 26. Qxf5 gxf5 27. Rc1 b6 28. b3 a4 29. Rcf1 Rd4 30. Rd1 axb3 31. Rxd4 bxa2+ 32. Ka1 exd4 33. Rd1 Kg6 34. Rxd4 Kf6 35. Rd2 Ke5 36. g3 Ra4 37. Rxa2 Rxa2+ 38. Kxa2 Kd4 39. Kb3 Ke3 40. g4 fxg4 41. fxg4 hxg4 42. h5 g3 43. h6 g2 44. h7 g1=Q 45. h8=Q Qd1+ 46. Kb2 Qd4+ 47. Qxd4+ Kxd4 48. Kb3 Kc5 49. Kc3 b5 50. cxb5 Kxb5 51. Kd4 Kb4 52. Kd3 Kc5 53. Ke4 Kc4 0-1

[Event "*** Titled Tuesday Blitz"]
[Site "Chess.com"]
[Date "2019.07.02"]
[Round "10"]
[White "Qvalda"]
[Black "bubacik"]
[Result "1/2-1/2"]
[WhiteElo "2510"]
[BlackElo "2661"]
[TimeControl "180+2"]
[EndTime "15:15:02 PDT"]
[Termination "Game drawn by repetition"]

1. g3 d5 2. Nf3 g6 3. c4 dxc4 4. Qa4+ Nc6 5. Qxc4 Bg7 6. Bg2 e5 7. d3 Nge7 8. O-O O-O 9. Nc3 h6 10. Be3 a6 11. Qa4 Be6 12. Rac1 Qd7 13. Bc5 Rfd8 14. Qc2 Rac8 15. Qb1 b6 16. Bxe7 Nxe7 17. b4 Nd5 18. Nxd5 Bxd5 19. Nd2 h5 20. Bxd5 Qxd5 21.
Qb3 Qd7 22. Qc4 Bh6 23. Rc2 c5 24. bxc5 Rxc5 25. Qb3 Rxc2 26. Qxc2 Rc8 27. Qb2 Bxd2 28. Qxd2 h4 29. Qg5 hxg3 30. hxg3 Qd5 31. a4 b5 32. axb5 axb5 33. Rc1 Rxc1+ 34. Qxc1 b4 35. Qc8+ Kg7 36. Qb8 b3 37. e4 Qxd3 38. Qxe5+ Kh7 39. Qf6 Qd7 40.
Kg2 Qb7 41. Qb2 Qxe4+ 42. Kh2 Qb7 43. Kg1 Kg8 44. Kh2 Qb6 45. Kg2 Qb5 46. Kg1 Qc4 47.
Qe5 Qc1+ 48. Kg2 b2 49. Qe8+ Kg7 50. Qe5+ Kh7 51. Qf6 b1=Q 52. Qxf7+ Kh6 53. Qf8+ Kh5 54. Qh8+ Kg5 55. Qd8+ Kf5 56. Qd5+ Kf6 57. Qd6+ Kg7 58. Qe7+ Kh6 59. Qh4+ Kg7 60. Qe7+ Kh8 61. Qe8+ Kh7 62. Qe7+ Kg8 63. Qe8+ Kg7 64. Qe7+ 1/2-1/2

[Event "*** Titled Tuesday Blitz"]
[Site "Chess.com"]
[Date "2019.07.02"]
[Round "10"]
[White "lrestevez"]
[Black "Ceejay271"]
[Result "1-0"]
[WhiteElo "2154"]
[BlackElo "2230"]
[TimeControl "180+2"]
[EndTime "15:15:09 PDT"]
[Termination "lrestevez won on time"]

1. e4 e5 2. Nf3 Nc6 3. Bc4 Bc5 4. O-O Nf6 5. c3 Nxe4 6. d4 Bb6 7. dxe5 O-O 8. Bd5 Nc5 9. Nbd2 d6 10. exd6 Qxd6 11. Nc4 Qg6 12. b4 Ne6 13. Qe2 Ne7 14. Be4 Qh5 15. a4 c6 16. Re1 Bc7 17. Bd2 Ng6 18.
g3 f5 19. Bc2 f4 20. Nfe5 f3 21. Bxg6 hxg6 22. Qe4 Ng5 23. Bxg5 Qxg5 24. Qxg6 Qxg6 25.
Nxg6 Rf6 26. Ne7+ Kf7 27. Nxc8 Rxc8 28. Rad1 Rd8 29. Rxd8 Bxd8 30. Re3 Bc7 31. h4 b5 32.
axb5 cxb5 33. Nd2 a6 34. Rxf3 Rxf3 35. Nxf3 Ke6 36. Kf1 Kd5 37. Ke2 Kc4 38. Kd2 Bb6 39.
Ne5+ Kd5 40. Nd3 Kc4 41. Kc2 a5 42. bxa5 Bxa5 43. Ne5+ Kd5 44. Nd3 Kc4 45. Ne5+ Kd5 46. Nf3 Kc4 47. Nd2+ Kd5 48. f3 Bc7 49. g4 Ke5 50.
Kd3 Kf4 51. h5 Be5 52. c4 b4 53. c5 b3 54. c6 b2 55. Kc2 1-0

[Event "*** Titled Tuesday Blitz"]
[Site "Chess.com"]
[Date "2019.07.02"]
[Round "10"]
[White "JustaTrickstar"]
[Black "OparinGrigoriy"]
[Result "1-0"]
[WhiteElo "2891"]
[BlackElo "2985"]
[TimeControl "180+2"]
[EndTime "15:15:11 PDT"]
[Termination "JustaTrickstar won by resignation"]

1. c4 e6 2. Nc3 d5 3. d4 Be7 4. cxd5 exd5 5. Bf4 c6 6. e3 Bf5 7. Bd3 Bxd3 8. Qxd3 Nd7 9. h3 Ngf6 10. Nf3 O-O 11.
O-O-O Re8 12. Kb1 b5 13. g4 b4 14. g5 Nh5 15. Ne2 Rc8 16. Rc1 c5 17. Qf5 Nb6 18.
Ne5 Rf8 19. dxc5 Bxc5 20. Rhd1 Qe7 21. Nd3 g6 22. Qg4 Nc4 23. b3 Na3+ 24. Kb2 Nxf4 25.
Qxf4 Bd6 26. Qf6 Qd7 27. h4 Rfe8 28. Nd4 Bf8 29. Ne5 Qb7 30. Rxc8 Rxc8 31. Ndc6 Re8 32. Rxd5 Bg7 33. Rd8 Bxf6 34. Rxe8+ Kg7 35. gxf6+ Kxf6 36. Rb8 Qa6 37. Rxb4 Nb5 38. Ra4 Qc8 39. Rf4+ Ke6 40. Rxf7 Qa6 41. a4 Nd6 42. Re7+ Kf6 43. Nd7+ Kf5 44. f3 Qe2+ 45. Ka3 Nc4+ 46. bxc4 Qd3+ 47.
Kb4 Qd6+ 48. Kb5 Qxe7 49. Nxe7+ 1-0